 Dungeon Crawl Stone Soup version 0.31-a0-174-g85c54bcb58 (webtiles) character file.

Game seed: 1819859943831842276

217 IndexError the Magician (level 6, 0/40 HPs)
             Began as a Djinni Conjurer on June 15, 2023.
             Was an Initiate of Ashenzari.
             Slain by an orc wizard
             ... wielding a +0 dagger
              (2 damage)
             ... on level 4 of the Dungeon.
             The game lasted 00:03:26 (2932 turns).

IndexError the Magician (Djinni Conjurer)           Turns: 2932, Time: 00:03:27

Health: 0/40       AC:  2    Str:  6    XL:     6   Next: 16%
Gold:   218        EV: 12    Int: 21    God:    Ashenzari [......] SH:  0 Dex: 12

rFire   + + .        s - +2 whip (drain)
rCold   x . .        (no shield)
rNeg    . . .        a - +0 robe of the Mantic Moon {Cun, Elem} (curse)
rPois   ∞            (no helmet)
rElec   .            (no cloak)
rCorr   +            (no gloves)
SInv    .            (boots unavailable)
Will    .....        (no amulet)
Stlth   ++           f - ring of resist corrosion
HPRegen 0.26/turn    (no ring)
MPRegen 0.00/turn

%: infuse magic (-1 HP)
@: flying
A: sickness immunity, fire resistance 2, cold vulnerability 1, float, innate
caster, HP casting, extra vitality 1
a: Renounce Religion, Curse Item, Shatter the Chains


You were on level 4 of the Dungeon.
You worshipped Ashenzari.
Ashenzari was noncommittal.
You visited 1 branch of the dungeon, and saw 4 of its levels.

You collected 218 gold pieces.

Inventory:

Hand Weapons
 s - a +2 whip of draining (weapon)
   (You took it off an orc priest on level 4 of the Dungeon)
Armour
 a - the cursed +0 robe of the Mantic Moon (worn) {Cun, Elem}

   It has a curse which improves the following skills: Cunning: Dodging and
   Stealth.
   Elements:  Fire Magic, Ice Magic, Air Magic and Earth Magic.
Jewellery
 f - a ring of resist corrosion (left hand)
   (You found it on level 2 of the Dungeon)
Wands
 p - a wand of flame (20)
   (You found it on level 3 of the Dungeon)
Scrolls
 c - a scroll of torment {unknown}
 d - 7 scrolls of identify {unknown}
 e - a scroll of vulnerability {unknown}
 k - 2 scrolls of amnesia {unknown}
 l - a scroll of revelation {unknown}
 m - a scroll of enchant armour {unknown}
 n - 2 scrolls of fear {unknown}
 q - a scroll of teleportation {unknown}
Potions
 b - 2 potions of degeneration {unknown}
 g - a potion of brilliance {unknown}
 i - 2 potions of enlightenment {unknown}
 j - a potion of magic {unknown}
 o - a potion of haste {unknown}


   Skills:
 - Level 2.1(2.5) Dodging
 - Level 1.5(1.9) Stealth
 + Level 5.4 Spellcasting
 + Level 5.4 Conjurations
 + Level 5.4 Hexes
   Level 0.0 Charms
 + Level 5.4 Summonings
 + Level 5.4 Necromancy
 + Level 5.4 Translocations
 + Level 5.4 Transmutations
 + Level 5.4(5.8) Fire Magic
 + Level 5.4(5.8) Ice Magic
 + Level 5.4(5.8) Air Magic
 + Level 5.4(5.8) Earth Magic
 + Level 5.4 Poison Magic


You knew the following spells:

 Your Spells              Type           Power      Damage    Failure   Level
a - Magic Dart            Conj           100%       1d8       1%          1
b - Searing Ray           Conj           56%        2d6       1%          2
c - Dazzling Flash        Conj/Hex       56%        N/A       3%          3
d - Fulminant Prism       Conj/Hex       14%        3d9       11%         4
e - Call Imp              Summ           56%        N/A       1%          2
s - Slow                  Hex            100%       N/A       1%          1
x - Iskenderun's Mystic   Conj/Tloc      28%        2d7       11%         4
Your spell library was empty.

Dungeon Overview and Level Annotations

Branches:
Dungeon (4/15)
 Temple: D:4-7

Altars:
Ashenzari
Okawaru
Qazlal


Innate Abilities, Weirdness & Mutations

You are immune to sickness and miasma.
You are immune to poison.
Your flesh is very heat resistant. (rF++)
You are vulnerable to cold. (rC-)
You float through the air rather than walking.
You learn spells naturally, not from books.
Your magical power is your life essence.
You have superior vitality. (+4 MHP)


Message History

Press: ? - help, Shift-Dir - straight line, f - orc priest
Aim: an orc priest, wielding a +0 hand axe (wandering, hasn't noticed you, 100% to hit)
The magic dart hits the orc priest.
The orc priest shouts!
You take 1 damage, and have 20/35 hp.
Casting: Magic Dart (safe; 1% risk of failure)
Confirm with . or Enter, or press ? or * to list all spells.
Aiming: Magic Dart (safe; 1% risk of failure)
Press: ? - help, Shift-Dir - straight line, f/p - orc priest
Aim: an orc priest, wielding a +0 hand axe (moderately wounded, 100% to hit)
The magic dart hits the orc priest.
An orc comes into view. It is wielding a +0 club.
An orc wizard comes into view. It is wielding a +0 dagger.
The orc priest looks braver for a moment.
You take 1 damage, and have 19/35 hp.
Casting: Magic Dart (safe; 1% risk of failure)
Confirm with . or Enter, or press ? or * to list all spells.
Aiming: Magic Dart (safe; 1% risk of failure)
Press: ? - help, Shift-Dir - straight line, f/p - orc priest
Aim: an orc priest, wielding a +0 hand axe (heavily wounded, 100% to hit)
The magic dart hits the orc priest.
The orc shouts!
The orc wizard shouts!
You take 1 damage, and have 18/35 hp.
Casting: Magic Dart (safe; 1% risk of failure)
Confirm with . or Enter, or press ? or * to list all spells.
Aiming: Magic Dart (safe; 1% risk of failure)
Press: ? - help, Shift-Dir - straight line, f/p - orc priest
Aim: an orc priest, wielding a +0 hand axe (severely wounded, 100% to hit)
The magic dart hits the orc!
The orc wizard casts a spell.
The orc wizard flickers and vanishes!
Deactivating autopickup; reactivate with Ctrl-A.
Casting: Magic Dart (safe; 1% risk of failure)
Confirm with . or Enter, or press ? or * to list all spells.
Aiming: Magic Dart (safe; 1% risk of failure)
Press: ? - help, Shift-Dir - straight line, f/p - orc priest
Aim: an orc priest, wielding a +0 hand axe (severely wounded, 100% to hit)
The magic dart hits the orc priest.
You have reached level 6!
Casting: Magic Dart (safe; 1% risk of failure)
Confirm with . or Enter, or press ? or * to list all spells.
You can't see any susceptible monsters within range! (Use Z to cast anyway.) Unknown command.
Casting: Magic Dart (safe; 1% risk of failure)
Confirm with . or Enter, or press ? or * to list all spells.
You can't see any susceptible monsters within range! (Use Z to cast anyway.) Unknown command.
You hear some strange, mumbled words.
You are confused.
You bump into the rock wall.
You bump into the rock wall.
A magic dart appears from out of thin air!
The magic dart hits you.
You take 5 damage, and have 17/40 hp.
You bump into the rock wall.
You're too confused to move!
Something hits you.
You take 1 damage, and have 17/40 hp.
You bump into the rock wall.
You feel less confused. Something barely misses you.
Casting: Magic Dart (safe; 1% risk of failure)
Confirm with . or Enter, or press ? or * to list all spells.
You can't see any susceptible monsters within range! (Use Z to cast anyway.)
Casting: Magic Dart (safe; 1% risk of failure)
Confirm with . or Enter, or press ? or * to list all spells.
Aiming: Searing Ray (safe; 1% risk of failure)
Press: ? - help, Shift-Dir - straight line (Press . to maintain the ray.)
You hear some strange, mumbled words.
You are confused.
You take 1 damage, and have 16/40 hp.
Something hits you.
You take 2 damage, and have 14/40 hp.
Something hits you but does no damage.
You hear some strange, mumbled words.
A magic dart appears from out of thin air!
The magic dart hits you!
* * * LOW HITPOINT WARNING * * *
You take 7 damage, and have 7/40 hp.
You closely miss something. Something hits you.
* * * LOW HITPOINT WARNING * * *
You bump into the rock wall.
Something hits you.
* * * LOW HITPOINT WARNING * * *
You take 1 damage, and have 6/40 hp.
You miss something. Something hits you.
* * * LOW HITPOINT WARNING * * *
You take 2 damage, and have 4/40 hp.
You bump into the rock wall.
You feel less confused. Something hits you.
* * * LOW HITPOINT WARNING * * *
Casting: Searing Ray (safe; 1% risk of failure)
Confirm with . or Enter, or press ? or * to list all spells.
Aiming: Searing Ray (safe; 1% risk of failure)
Press: ? - help, Shift-Dir - straight line The searing ray hits something. (Press . to maintain the ray.)
* * * LOW HITPOINT WARNING * * *
Something hits you.
You die...

#.####..##.# ..
:........#.###.###
#.................
########.#.###.##
#......##.#
#.......#.#####.
#...........)...
###########.#...######
#...{@......##........
#.#########.##........
#.# #.##.....### #.#
#.##..##.### #.#
#.##........ #.#
####.####.## #.# #.#
#.## +.. +. #..# #.##
##.#


There were no monsters in sight!

Vanquished Creatures
  3 orc priests (D:4)
  An iguana (D:4)
  3 adders
  A worm (D:3)
  2 dart slugs
  7 orcs
  9 ball pythons
  6 bats
  5 giant cockroaches
  5 goblins
  7 hobgoblins
  3 quokkas
  4 frilled lizards
  5 kobolds
  6 rats
67 creatures vanquished.

Notes
Turn   | Place    | Note
-------+----------+-------------------------------------------
     0 | D:1      | IndexError the Djinni Conjurer began the quest for the Orb.
     0 | D:1      | IndexError set off with the following spells memorised:
                  | Magic Dart, Searing Ray, Dazzling Flash, Fulminant Prism,
                  | Iskenderun's Mystic Blast.
     0 | D:1      | Reached XP level 1. HP: 15/15 MP: 0/0
   119 | D:1      | Reached XP level 2. HP: 18/21 MP: 0/0
   306 | D:1      | Found a faded altar of an unknown god.
   395 | D:1      | Prayed at the altar of an unknown god.
   395 | D:1      | Became a worshipper of Ashenzari the Shackled
   598 | D:1      | Reached XP level 3. HP: 23/25 MP: 0/0
   598 | D:1      | Learned a level 1 spell: Slow
   656 | D:1      | Reached skill level 4 in Spellcasting
   656 | D:1      | Reached skill level 4 in Conjurations
   656 | D:1      | Reached skill level 4 in Hexes
   656 | D:1      | Reached skill level 4 in Summonings
   656 | D:1      | Reached skill level 4 in Necromancy
   656 | D:1      | Reached skill level 4 in Translocations
   656 | D:1      | Reached skill level 4 in Transmutations
   656 | D:1      | Reached skill level 4 in Fire Magic
   656 | D:1      | Reached skill level 4 in Ice Magic
   656 | D:1      | Reached skill level 4 in Air Magic
   656 | D:1      | Reached skill level 4 in Earth Magic
   656 | D:1      | Reached skill level 4 in Poison Magic
  1808 | D:3      | Found an iron altar of Okawaru.
  1871 | D:3      | Reached XP level 4. HP: 30/31 MP: 0/0
  2575 | D:4      | Reached XP level 5. HP: 29/35 MP: 0/0
  2575 | D:4      | Learned a level 2 spell: Call Imp
  2716 | D:4      | Found a stormy altar of Qazlal.
  2864 | D:4      | Reached skill level 5 in Spellcasting
  2864 | D:4      | Reached skill level 5 in Conjurations
  2864 | D:4      | Reached skill level 5 in Hexes
  2864 | D:4      | Reached skill level 5 in Summonings
  2864 | D:4      | Reached skill level 5 in Necromancy
  2864 | D:4      | Reached skill level 5 in Translocations
  2864 | D:4      | Reached skill level 5 in Transmutations
  2864 | D:4      | Reached skill level 5 in Fire Magic
  2864 | D:4      | Reached skill level 5 in Ice Magic
  2864 | D:4      | Reached skill level 5 in Air Magic
  2864 | D:4      | Reached skill level 5 in Earth Magic
  2864 | D:4      | Reached skill level 5 in Poison Magic
  2908 | D:4      | Reached XP level 6. HP: 19/40 MP: 0/0
  2927 | D:4      | HP: 7/40 [something/magic dart (7)]
  2932 | D:4      | Slain by an orc wizard

Illustrated notes

Levels and vault maps discovered:
D:1:      mrwooster_arrival_statue_3, layout_loops_ring,
          shapermc_ecumenical_altar_hornbeckon, st_stairs_5
D:2:      minmay_alternating_diamond, layout_loops_ring
D:3:      layout_rooms, mainiacjoe_overflow_cross_hatched
D:4:      layout_basic, mainiacjoe_overflow_paths

Skill      XL: |  1  2  3  4  5 |
---------------+----------------+-----
Spellcasting   | 4 5 |  5.4
Conjurations   | 4 5 |  5.4
Hexes          | 4 5 |  5.4
Summonings     | 4 5 |  5.4
Necromancy     | 4 5 |  5.4
Translocations | 4 5 |  5.4
Transmutations | 4 5 |  5.4
Fire Magic     | 4 5 |  5.4
Ice Magic      | 4 5 |  5.4
Air Magic      | 4 5 |  5.4
Earth Magic    | 4 5 |  5.4
Poison Magic   | 4 5 |  5.4
Dodging        | |  2.1
Stealth        | |  1.5

Action                     |  1- 3 |  4- 6 || total
---------------------------+-------+-------++-------
  Melee: Whip              |       |     2 ||     2
   Cast: Magic Dart        |    81 |    73 ||   154
         Searing Ray       |       |     3 ||     3
 Invoke: Curse Item        |     1 |       ||     1
 Armour: Robe              |     1 |     2 ||     3
  Dodge: Dodged            |     5 |     3 ||     8

Table legend: (Time is in decaauts)
 A = Elapsed time spent in this place.
 B = Non-inter-level travel time spent in this place.
 C = Inter-level travel time spent in this place.
 D = Time resting spent in this place.
 E = Time spent auto-exploring this place.
 F = Levels seen in this place.
 G = Mean time per level.
                   A        B        C        D        E       F      G
               +--------+--------+--------+--------+--------+-----+--------+
         Total |   2932 |   2608 |    324 |      0 |   2288 |   4 |  733.0 |
       Dungeon |   2932 |   2608 |    324 |      0 |   2288 |   4 |  733.0 |
               +--------+--------+--------+--------+--------+-----+--------+

Top non-repeatable levels by time:
     D:1: 1025 daAuts
     D:2: 796 daAuts
     D:3: 676 daAuts
     D:4: 434 daAuts

Levels and vault maps discovered:
D:1:      mrwooster_arrival_statue_3, layout_loops_ring,
          shapermc_ecumenical_altar_hornbeckon, st_stairs_5
D:2:      minmay_alternating_diamond, layout_loops_ring
D:3:      layout_rooms, mainiacjoe_overflow_cross_hatched
D:4:      layout_basic, mainiacjoe_overflow_paths

Table legend: (Time is in decaauts)
 A = Elapsed time spent in this place.
 B = Non-inter-level travel time spent in this place.
 C = Inter-level travel time spent in this place.
 D = Time resting spent in this place.
 E = Time spent auto-exploring this place.
 F = Levels seen in this place.
 G = Mean time per level.
                   A        B        C        D        E       F      G
               +--------+--------+--------+--------+--------+-----+--------+
         Total |   2932 |   2608 |    324 |      0 |   2288 |   4 |  733.0 |
       Dungeon |   2932 |   2608 |    324 |      0 |   2288 |   4 |  733.0 |
               +--------+--------+--------+--------+--------+-----+--------+

Top non-repeatable levels by time:
     D:1: 1025 daAuts
     D:2: 796 daAuts
     D:3: 676 daAuts
     D:4: 434 daAuts

Table legend:
 A = Kills in this place as a percentage of kills in the entire game.
 B = Kills by you in this place as a percentage of kills by you in the entire game.
 C = Kills by friends in this place as a percentage of kills by friends in the entire game.
 D = Other kills in this place as a percentage of other kills in the entire game.
 E = Experience gained in this place as a percentage of experience gained in the entire game.
 F = Experience gained in this place divided by the number of levels of this place that you have seen.
                   A       B       C       D       E      F
               +-------+-------+-------+-------+-------+----------------------
         Total | 100.0 | 100.0 |   N/A |   N/A | 100.0 |  77.8
       Dungeon | 100.0 | 100.0 |   N/A |   N/A | 100.0 |  77.8
               +-------+-------+-------+-------+-------+----------------------
